 Dungeon Crawl Stone Soup version 0.31-a0-574-g69dc8cc98e (webtiles) character file.

Game seed: 11781804329001395802

2 RepHenryClay the Sneak (level 1, -3/19 HPs)
             Began as a Hill Orc Delver on Aug 19, 2023.
             Slain by a scorpion (6 damage)
             ... on level 6 of the Dungeon.
             The game lasted 00:00:44 (97 turns).

RepHenryClay the Sneak (Hill Orc Delver)              Turns: 97, Time: 00:00:45

Health: -3/19      AC:  3    Str: 14    XL:     1   Next: 30%
Magic:  1/1        EV: 11    Int: 10    God:
Gold:   0          SH:  0    Dex: 12    Spells: 0/0 levels left

rFire   . . .        a - +0 hand axe
rCold   . . .        (no shield)
rNeg    . . .        b - +0 leather armour
rPois   .            (no helmet)
rElec   .            (no cloak)
rCorr   .            (no gloves)
SInv    .            (no boots)
Will    .....        (no amulet)
Stlth   ++           (no ring)
HPRegen 0.23/turn    (no ring)
MPRegen 0.07/turn

%: no passive effects
@: hasted, very quick
A: no striking features
a: Convert to Beogh


You were on level 6 of the Dungeon.
You visited 1 branch of the dungeon, and saw 2 of its levels.

Inventory:

Hand Weapons
 a - a +0 hand axe (weapon)
Armour
 b - a +0 leather armour (worn)
Wands
 g - a wand of digging (3)
Scrolls
 c - a scroll of fog
 d - 2 scrolls of revelation
 e - a scroll of fear
 h - a scroll of teleportation {unknown}
 i - a scroll of immolation {unknown}


   Skills:
 - Level 3.6 Fighting
 + Level 2.8 Axes
 + Level 0.3 Armour
 - Level 1.5 Dodging
 - Level 4.1 Stealth


You couldn't memorise any spells.
You didn't know any spells.
Your spell library was empty.

Dungeon Overview and Level Annotations

Branches:
Dungeon (6/15)
 Temple: D:4-7

Altars:
Hepliaklqana
Qazlal


Message History

The black bear closely misses you. The black bear claws you. x2
Huge Dmg: -36%(-7hp) hp: 64%(12hp)
You feel yourself speed up. The black bear bites you.
* * * LOW HITPOINT WARNING * * *
The black bear claws you.
* * * LOW HITPOINT WARNING * * *
The black bear claws you but does no damage.
Huge Dmg: -42%(-8hp) hp: 22%(4hp)
An orc comes into view.
It is wielding a +0 club and carrying a wand of charming.
A scorpion comes into view.
Found a stone staircase leading up.
The orc shouts!
The orc zaps a wand.
Your will is overpowered!
You are confused.
You're too confused to move!
The scorpion barely misses you.
You bump into the rock wall.
The scorpion stings you but does no damage.
The scorpion misses you.
You are too confused!
You're too confused to move!
You feel less confused.
The scorpion puts on a burst of speed as it pursues you!
Okay, then.
The scorpion is no longer moving quickly.
An orc priest and an orc come into view.
The orc priest is wielding a +1 flail of protection.
The orc shouts!
The orc priest shouts, "Surrender to Beogh and we'll let you live!" (press Y on the ability menu to convert to Beogh)
The orc priest shouts!
The orc shouts!
You hit the orc but do no damage.
You hit the orc priest but do no damage.
The orc closely misses you.
The orc priest hits you with a +1 flail of protection!
* * * LOW HITPOINT WARNING * * *
Huge Dmg: -37%(-7hp) hp: 16%(3hp)
You hit the orc.
The orc is lightly wounded.
You hit the orc priest. You barely miss the scorpion. The scorpion stings you.
You die...

. . #..#.###.#######
..##.#.##..##.......##
...#................
#.#..#####.......# #...h#
#.......# #....# #.......#
###.## #...$...#### #.#
##.......#... #.#
##.@oo>...$.. #.#
#.s.o......# #.#
#.#####....#
######.####..........#
.............###...####
##.........#.# #.#..# ##
#...........###.##.#####...
#.........#..#..##.#.......
#.........#....$...l....#


You could see a scorpion, an orc priest and 2 orcs.

Vanquished Creatures
  An orc (D:5)
1 creature vanquished.

Notes
Turn   | Place    | Note
-------+----------+-------------------------------------------
     0 | D:5      | RepHenryClay the Hill Orc Delver began the quest for the
                  | Orb.
     0 | D:5      | Reached XP level 1. HP: 19/19 MP: 1/1
    42 | D:5      | Noticed a scorpion
    46 | D:6      | Noticed an iguana
    46 | D:6      | Noticed an ice beast
    46 | D:6      | Found a hazy altar of Hepliaklqana.
    46 | D:6      | Found a stormy altar of Qazlal.
    51 | D:6      | Noticed a black bear
    61 | D:6      | Noticed a scorpion
    93 | D:6      | Noticed an orc priest
    97 | D:6      | Slain by a scorpion

Illustrated notes

Levels and vault maps discovered:
D:5:      layout_cave_pools, nicolae_overflow_hidden_temple, serial_shops,
          kennysheep_little_box
D:6:      layout_rooms, mainiacjoe_overflow_small_starburst,
          grunt_temple_overflow_open, minmay_misc_feat_tiny,
          hangedman_abyss_or_decor_passed, grunt_tough_drop, uniq_pikel

Action                     || total
---------------------------++-------
  Melee: Hand axe          ||     4
    Use: Potion            ||     1
 Armour: Leather armour    ||     2
  Dodge: Dodged            ||     5

Table legend: (Time is in decaauts)
 A = Elapsed time spent in this place.
 B = Non-inter-level travel time spent in this place.
 C = Inter-level travel time spent in this place.
 D = Time resting spent in this place.
 E = Time spent auto-exploring this place.
 F = Levels seen in this place.
 G = Mean time per level.
                   A        B        C        D        E       F      G
               +--------+--------+--------+--------+--------+-----+--------+
         Total |     85 |     85 |      0 |      0 |     34 |   2 |   42.5 |
       Dungeon |     85 |     85 |      0 |      0 |     34 |   2 |   42.5 |
               +--------+--------+--------+--------+--------+-----+--------+

Top non-repeatable levels by time:
     D:5: 46 daAuts
     D:6: 39 daAuts
